 Dungeon Crawl Stone Soup version 0.21.1-1-g345015f (webtiles) character file.

46 letownia2 the Insei (level 3, -4/27 HPs)
             Began as a Merfolk Transmuter on Mar 15, 2018.
             Killed by divine providence
             ... invoked by an orc priest
              (12 damage)
             ... on level 3 of the Dungeon.
             The game lasted 00:03:15 (542 turns).

letownia2 the Insei (Merfolk Transmuter)             Turns: 542, Time: 00:03:15

Health: -4/27      AC:  2    Str: 11    XL:     3   Next: 66%
Magic:  1/6        EV: 13    Int: 12    God:
Gold:   91         SH:  0    Dex: 14    Spells: 0/6 levels left

rFire    . . .     SeeInvis .     - Unarmed
rCold    . . .     Gourm    .   (no shield)
rNeg     . . .     Faith    .   b - +0 robe
rPois    .         Spirit   .   (no helmet)
rElec    .         Reflect  .   (no cloak)
rCorr    .         Harm     .   (no gloves)
MR       .....                  (no boots)
Stlth    +.........             (no amulet)
HPRegen  0.09/turn              (no ring)
MPRegen  0.10/turn              (no ring)

@: very slightly contaminated
A: change form in water, swift swim, stealthy swim
a: no special abilities


You were on level 3 of the Dungeon.
You were not hungry.

You visited 1 branch of the dungeon, and saw 4 of its levels.

You collected 91 gold pieces.

Inventory:

Missiles
 a - 26 arrows
Armour
 b - a +0 robe (worn)
 h - a +0 ring mail
Scrolls
 i - 3 scrolls of identify
Potions
 e - a potion of degeneration {unknown}
 g - a potion of haste {unknown}
 k - a potion of resistance
Books
 c - a book of Changes

   Spells                             Type                      Level
   a - Beastly Appendage              Transmutation                1
   b - Sticks to Snakes               Transmutation                2
   c - Spider Form                    Transmutation/Poison         3
   d - Ice Form                       Ice/Transmutation            4
   e - Blade Hands                    Transmutation                5
Comestibles
 d - 4 rations


   Skills:
 - Level 2.2 Fighting
 - Level 2.6 Dodging
 - Level 3.8 Unarmed Combat
 - Level 2.0 Spellcasting
 - Level 3.5 Transmutations
 + Level 1.0 Poison Magic


You couldn't memorise any spells.
You knew the following spells:

 Your Spells              Type           Power        Failure   Level  Hunger
a - Beastly Appendage     Tmut           #.....       6%          1    ##.....
l - Sticks to Snakes      Tmut           #.......     10%         2    ###....
p - Spider Form           Tmut/Pois      #.........   32%         3    ####...


Dungeon Overview and Level Annotations

Branches:
Dungeon (4/15)
 Temple: D:4-7

Altars:
Nemelex Xobeh

Annotations:
D:3 Grinder


Message History

It was a scroll of magic mapping.
The orc hits you but does no damage.
The orc hits you from afar with a trident.
* * * LOW HITPOINT WARNING * * *
An orc comes into view. It is wielding a flail of protection.
Unknown command.
The orc shouts!
You hit the orc.
The orc is almost dead.
You hear a shout!
The orc hits you but does no damage.
You barely miss the orc.
The orc is almost dead.
The orc hits you but does no damage. 2 orcs come into view.
You barely miss the orc.
The orc is almost dead.
The orc closely misses you. The orc misses you.
The orc priest mumbles some strange prayers to Beogh against you.
Beogh smites you!
You die...

#....##.##....##.# *,,*
#....##.##.)..##.#######****,,***
.................†......,,,,>,,,,
#....##.###.##.#.####*******,,***
#....##.# #.##...#,,,,,,,,,,,,*
#....##.# #.####o#,**********,*
#.....#.#*#o# #o#,* ******
#.....#..,#.#* #o#,* **_***,
.........,...**#@#,* **≈,≈,**
#.....###,#..,*#.#,*******,≈,≈**
#.....# *,#.#,*#o#,,,,,,,**≈,≈,*
#.....# *,*,*,,#o#********,≈,≈**
#.....# *,*,**,#oo,,,,,,,**≈,≈,*
#.....# *,*,**,#o#******,*,≈,≈**
####### *,*,**,oo# *,***+****
*,*,***..#******,***,**,*
*,*,,,,,,,,,,,,,,,,,,,*,*


You could see an orc priest, an orc wizard and 8 orcs.

Vanquished Creatures
  An adder (D:3)
  A worm (D:3)
  A leopard gecko (D:1)
  2 giant cockroaches
  4 goblins
  6 hobgoblins
  6 kobolds
  2 bats
  2 frilled lizards (D:3)
  8 rats (D:1)
33 creatures vanquished.

Notes
Turn   | Place    | Note
-------+----------+-------------------------------------------
     0 | D:1      | letownia2 the Merfolk Transmuter began the quest for the Orb.
     0 | D:1      | Reached XP level 1. HP: 15/15 MP: 3/3
    55 | D:1      | Reached XP level 2. HP: 17/21 MP: 1/5
   258 | D:2      | Learned a level 2 spell: Sticks to Snakes
   259 | D:2      | Found a sparkling altar of Nemelex Xobeh.
   284 | D:3      | Noticed Grinder
   298 | D:2      | Reached XP level 3. HP: 27/27 MP: 4/6
   305 | D:2      | Found a faded altar of an unknown god.
   335 | D:3      | Learned a level 3 spell: Spider Form
   513 | D:3      | Reached skill level 1 in Poison Magic
   542 | D:3      | Killed from afar by an orc priest

Skill      XL: |  1  2  3 |
---------------+----------+-----
Transmutations | 3 |  3.5
Fighting       | 2 |  2.2
Poison Magic   | 1 |  1.0
Dodging        | |  2.6
Unarmed Combat | |  3.8
Spellcasting   | |  2.0

Action                   || total
-------------------------++-------
Melee: Unarmed           ||    86
       Headbutt          ||     8
 Cast: Beastly Appendage ||    10
       Spider Form       ||     2
  Use: Scroll            ||     3
Armor: Robe              ||     9
Dodge: Dodged            ||    57
